Map: Disco Bloodbath LE

Players

Kelazhur - Winner!

  • Race: Terran Terran
  • Spawn Location: 9:00

uThermal

  • Race: Terran Terran
  • Spawn Location: 3:00

VOD

Have the link to the VOD?

Description

Time

  • Played on: Sept. 6, 2019, 8:48 p.m.
  • Length: 11:20
Show
View Real Time Build Order
Export as new Build Order

Kelazhur Terran - Winner!

Build Orders: Gas First Reaper Expand, Liberator Opening 

Get SALT Encoding   

  12  0:00  SCV  
  13  0:12  SCV  
  14  0:17  Supply Depot  
  14  0:25  SCV  
  14  0:27  Refinery  
  15  0:39  SCV  
  16  0:44  Barracks  
  16  0:51  SCV  
  17  1:03  SCV  
  18  1:15  SCV  
  19  1:31  Orbital Command, Reaper  
  20  1:43  Command Center  
  20  1:54  Factory  
  20  1:58  SCV  
  21  2:04  Barracks Reactor  
  21  2:09  Supply Depot  
  21  2:23  SCV  
  21  2:25  Refinery  
  22  2:35  SCV  
  23  2:43  Starport  
  23  2:47  SCV  
  23  2:48  Hellion x2  
  28  2:55  Orbital Command  
  28  2:56  Barracks Tech Lab  
  28  2:59  SCV  
  28  3:04  Liberator  
  29  3:11  Hellion x2  
  29  3:12  SCV  
  33  3:25  Marauder  
  40  3:36  Hellion x2  
  40  3:39  Supply Depot  
  42  3:41  SCV  
  42  3:44  SCV  
  46  3:48  Marauder  
  46  4:01  SCV x2  
  48  4:04  Medivac  
  48  4:05  Supply Depot  
  47  4:18  Cyclone  
  48  4:25  Marine x2  
  48  4:29  SCV  
  48  4:30  SCV  
  52  4:39  Viking  
  52  4:43  Marine  
  55  4:50  Marine  
  51  4:53  SCV  
  51  4:59  SCV  
  51  5:05  Marine, SCV  
  51  5:08  Marine  
  51  5:11  SCV  
  51  5:12  Refinery  
  53  5:17  SCV  
  53  5:20  Factory Tech Lab, Raven  
  56  5:23  SCV  
  57  5:28  Marine  
  57  5:29  Marine  
  57  5:30  SCV  
  57  5:33  Supply Depot  
  60  5:35  SCV  
  60  5:39  Supply Depot  
  61  5:43  SCV  
  61  5:44  Supply Depot  
  62  5:54  Marine x2, Siege Tank, SCV  
  62  5:55  SCV  
  62  5:57  Supply Depot  
  69  6:07  SCV  
  69  6:08  SCV  
  71  6:17  Viking x2  
  75  6:21  SCV x2  
  75  6:23  Supply Depot  
  75  6:24  Marine, Stimpack  
  78  6:26  Siege Tank  
  78  6:31  Refinery  
  81  6:38  SCV  
  82  6:42  Marine, SCV  
  82  6:45  Command Center  
  84  6:53  Viking x2  
  88  6:59  SCV  
  89  7:03  SCV  
  90  7:10  Marine, Siege Tank  
  90  7:11  SCV  
  95  7:17  Barracks  
  95  7:19  SCV  
  95  7:20  Barracks  
  96  7:23  SCV  
  96  7:27  Viking x2  
  100  7:35  SCV  
  101  7:40  SCV  
  101  7:43  Siege Tank  
  100  7:45  Marine  
  100  7:50  SCV  
  98  7:54  SCV  
  97  8:03  Marine  
  81  8:06  Viking x2  
  81  8:12  Marine  
  74  8:15  SCV x2  
  76  8:25  Marine x2  
  70  8:27  SCV x2  
  70  8:29  Orbital Command  
  70  8:30  Marine  
  66  8:39  SCV  
  59  8:41  SCV  
  59  8:43  Marine x2  
  59  8:48  Marine  
  59  8:51  SCV  
  59  8:53  SCV  
  59  8:54  Viking  
  63  8:57  Viking  
  63  8:59  SCV  
  63  9:01  Marine x2  
  68  9:03  SCV  
  68  9:05  Marine, Siege Tank  
  68  9:07  SCV  
  72  9:11  Refinery  
  72  9:13  SCV  
  72  9:15  SCV  
  74  9:23  SCV, Barracks Reactor x2  
  75  9:25  SCV, Barracks Reactor  
  75  9:30  SCV  
  76  9:36  SCV  
  76  9:37  Siege Tank, SCV  
  81  9:43  SCV, Viking  
  81  9:45  Viking  
  86  9:48  SCV  
  84  9:54  SCV  
  84  9:55  SCV  
  86  10:00  SCV  
  86  10:03  Marine x5  
  86  10:06  SCV  
  93  10:07  SCV  
  93  10:12  Marine, SCV  
  96  10:15  Engineering Bay x2  
  96  10:16  Supply Depot  
  96  10:18  SCV  
  96  10:19  SCV  
  96  10:21  Marine x2  
  100  10:22  Marine x2  
  100  10:24  Marine  
  89  10:28  Medivac x2  
  101  10:30  Marine  
  101  10:31  Siege Tank  
  101  10:34  SCV x3  
  101  10:35  Barracks  
  108  10:38  Marine x2  
  106  10:44  Marine x2  
  106  10:45  Refinery  
  108  10:52  SCV x2  
  108  10:53  SCV  
  110  10:57  Marine x2  
  110  10:58  Marine  
  110  11:03  Barracks  
  116  11:04  Barracks  
  116  11:09  Barracks Tech Lab  
Show
View Real Time Build Order
Export as new Build Order

uThermal Terran 

Build Orders: 1/1/1, Liberator Opening 

Get SALT Encoding   

  12  0:01  SCV  
  13  0:13  SCV  
  14  0:17  Supply Depot  
  14  0:25  SCV  
  14  0:27  Refinery  
  15  0:38  SCV  
  16  0:44  Barracks  
  16  0:50  SCV  
  16  0:54  Refinery  
  17  1:03  SCV  
  18  1:15  SCV  
  19  1:31  Orbital Command, Reaper  
  20  1:35  Factory  
  20  1:44  Supply Depot  
  20  1:56  SCV  
  21  2:03  Reaper  
  22  2:08  SCV  
  23  2:19  Hellion  
  23  2:20  SCV  
  23  2:21  Starport  
  26  2:27  Supply Depot  
  26  2:33  SCV  
  26  2:35  Reaper  
  28  2:40  Liberator, Hellion  
  30  2:53  Supply Depot  
  33  3:02  Hellion  
  35  3:08  Reaper  
  36  3:21  Command Center  
  36  3:24  SCV, Hellion  
  39  3:36  SCV  
  39  3:37  Supply Depot  
  39  3:40  Barracks Reactor  
  39  3:41  Starport Tech Lab  
  40  3:45  Factory Tech Lab  
  40  3:48  SCV  
  41  3:57  Refinery  
  41  4:00  SCV  
  41  4:02  Raven  
  44  4:12  SCV  
  43  4:18  Marine  
  43  4:19  Marine  
  43  4:21  Cyclone  
  48  4:24  SCV  
  48  4:30  Bunker  
  49  4:36  Marine x2  
  49  4:37  SCV  
  48  4:49  SCV  
  38  4:53  Orbital Command  
  38  4:54  Marine x2  
  36  5:06  SCV  
  33  5:14  Marine  
  33  5:17  Raven  
  36  5:26  Marine, SCV  
  37  5:29  SCV  
  38  5:38  SCV  
  38  5:41  Marine, SCV  
  41  5:43  Marine  
  42  5:50  SCV  
  42  5:53  SCV  
  44  5:59  Marine  
  44  6:01  Marine  
  44  6:02  SCV  
  44  6:03  Raven  
  49  6:05  SCV  
  49  6:06  Supply Depot  
  50  6:14  SCV  
  50  6:17  Marine  
  50  6:18  SCV  
  53  6:19  Marine  
  53  6:20  Siege Tank  
  53  6:24  Supply Depot  
  57  6:26  SCV  
  57  6:30  SCV  
  59  6:35  Marine  
  59  6:37  Marine  
  59  6:38  SCV  
  62  6:42  Command Center  
  62  6:44  SCV  
  63  6:50  SCV  
  63  6:52  Siege Tank  
  67  6:57  SCV  
  68  7:02  SCV, Refinery  
  69  7:08  Viking  
  69  7:10  Viking  
  69  7:11  SCV  
  69  7:15  SCV  
  75  7:16  Stimpack  
  75  7:18  Marine  
  76  7:23  SCV  
  76  7:25  Siege Tank  
  76  7:27  SCV  
  81  7:36  Marine  
  82  7:40  SCV  
  80  7:49  Viking  
  71  7:52  SCV  
  71  7:53  Viking  
  68  8:03  Siege Tank  
  68  8:04  SCV  
  54  8:06  SCV  
  53  8:16  SCV  
  53  8:19  SCV, Viking  
  51  8:29  SCV  
  50  8:36  SCV  
  47  8:43  Siege Tank  
  46  8:50  SCV  
  46  8:55  Viking  
  47  8:58  Marine  
  47  9:02  SCV  
  46  9:09  Viking  
  48  9:14  SCV  
  50  9:25  Viking  
  50  9:30  Orbital Command  
  50  9:31  SCV  
  52  9:32  Marine  
  51  9:39  Viking  
  51  9:43  SCV  
  54  9:46  Refinery  
  54  9:47  Refinery  
  54  9:55  SCV  
  54  9:56  SCV  
  54  9:58  Supply Depot  
  56  10:01  Viking  
  58  10:07  SCV  
  58  10:08  SCV  
  60  10:15  Viking  
  60  10:20  SCV x2  
  63  10:22  Supply Depot  
  56  10:31  Viking  
  56  10:32  SCV x2  
  53  10:44  Siege Tank, SCV  
  53  10:45  SCV  
  58  10:56  SCV  
  59  10:58  SCV  
  59  11:00  Supply Depot  
Tags
 
Add a new tag
Caveats
  • Supply blocks, unpowered buildings, or Contaminate may cause inaccurate times.
  • Supply counts are checked every 10 seconds.